tertium, neutral male human Tourist -------------------------------- ----------- |..........................[...| +.....<...| | ------- -------------..-----(| |.........| |...|. |..| |.| |.........| |...|. -..+ |.| ##..........| ---|...||------|..| |(| # ----------- .. ...|.|..|%%|.-----|.| ### ..--|--.|..|(%|.-.Y@.|.|# # --|-..{..-|-|..|.|.S@.|.|# ### |.............-|--.|.G(G|.|# # -- --.----+--......|....|..######## |.| --|---------|.| # | |.+ ... |#.|%%.|)| ## . |.---- |....|..|%%.-.| .. | --+-----..{.----------|-----.| ... |..............................| ---- -------------------------------- tertium the Excursionist Experience level: 6 Strength: 14 Dexterity: 9 Constitution: 18 Intelligence: 12 Wisdom: 9 Charisma: 14 Health: 0(66) Energy: 22(22) AC: 4 Gold: 0 Moves: 3432 Your Inventory: Weapons a - an uncursed [+0] dagger (weapon in hand) b - 17 +2 darts (in quiver) A - a [cursed +0] sling [of fumbling] E - a [cursed -1] dagger O - an uncursed [+0] crude dagger [orcish] Armor i - an uncursed +0 Hawaiian shirt k - an [uncursed] +0 pair of walking shoes [low] (being worn) m - a cursed -3 pair of kicking boots u - an [uncursed +0] dwarvish mithril-coat v - an [uncursed +0] hard hat [dwarvish iron helm] x - an [uncursed +0] hooded cloak [dwarvish] y - an [uncursed +0] pair of hard shoes [iron] z - an [uncursed +0] pair of riding gloves [gauntlets of dexterity] F - an [uncursed +0] pair of hard shoes [iron] J - a [blessed] +1 studded leather armor (being worn) Y - an [uncursed] +0 iron skull cap [orcish helm] (being worn) Comestibles c - 5 uncursed food rations w - an uncursed pear Scrolls d - an [uncursed] scroll called scare monster [of scare monster] h - a blessed scroll of magic mapping o - a blessed scroll of genocide C - a cursed scroll of identify D - 3 uncursed scrolls of identify H - 2 uncursed scrolls of remove curse N - a cursed scroll of enchant weapon Potions X - an uncursed puce potion [of confusion] Wands t - an [uncursed] wand of striking [0:1] Tools e - an [uncursed +0] pick-axe g - an [uncursed] magic whistle j - an expensive camera (0:69) l - a [cursed oil] lamp called oil (lit) r - an [uncursed frost] horn [0:7] Q - an uncursed credit card R - an [uncursed] brass lantern S - an [uncursed] brass lantern W - an [uncursed] brass lantern Gems p - 3 uncursed black gems [worthless glass] q - 3 uncursed yellowish brown gems [worthless glass] M - an uncursed red gem [worthless glass] Z - an [uncursed] orange gem [worthless glass] Spells known in the end: Name Level Category Fail Memory Your skills at the end: Fighting Skills Weapon Skills dart [Basic / Expert] Spellcasting Skills Final Attributes: You were piously aligned. Hunger level was 866. Your alignment was 26 / 27. Monster difficulty range was 1 - 6. Level difficulty was 7. You were telepathic. You were fast. Your luck was zero. You are dead. Vanquished creatures: a large mimic a gnome mummy 2 Uruk-hai a pony a gnome lord a gnomish wizard an elf zombie a giant ant a floating eye 2 dwarves a homunculus 2 giant bats a monkey an orc zombie a dwarf zombie 2 iguanas 3 hobbits 2 hobgoblins 13 gnomes 4 geckos 9 jackals a goblin 4 sewer rats a grid bug a lichen 4 kobold zombies 7 newts 69 creatures vanquished. Voluntary challenges: You used a wielded weapon 25 times. You read items or engraved 2 times. You put on armor 5 times. You never genocided any monsters. You never polymorphed an object. You never changed form. You used no wishes. You abstained from Elbereth's help. You never encountered a bones level. You never used any Sokoban shortcuts. Dungeon overview: The Dungeons of Doom: levels 1 to 5 Level 1 an altar a long staircase Level 2 (gold) an altar to The Lady Level 3 a scroll shop Level 4 a tool shop, a fountain stairs to The Gnomish Mines The Gnomish Mines: levels 5 to 7 Level 5 stairs to The Dungeons of Doom Level 7 <- You were here some shops, a temple, a magic chest, some fountains, a sink History has recorded: On T:1 you entered the Dungeons of Doom to retrieve the Amulet of Yendor! On T:804 you reached level 2 of The Dungeons of Doom. On T:1010 you advanced to experience level 2. On T:1025 you reached level 3 of The Dungeons of Doom. On T:1294 you advanced to experience level 3. On T:1485 you reached level 4 of The Dungeons of Doom. On T:2156 you advanced to experience level 4. On T:2496 you advanced to experience level 5. On T:2679 you reached level 1 of The Gnomish Mines. On T:2694 you reached level 5 of The Dungeons of Doom. On T:3032 you reached level 2 of The Gnomish Mines. On T:3091 you reached level 3 of The Gnomish Mines. On T:3125 you advanced to experience level 6. Latest messages: The gnome hits! [HP-8=34] The dart hits it. The snake bites! (2x) [HP-8=26] The dart hits it. The snake bites! [HP-5=21] The snake misses. [2 turns] The gnome king hits! [HP-9=12] The gnome king is blinded by the flash! The gnome king turns to flee! The snake bites! [HP-3=9] You begin praying to Offler. The snake bites! [HP-2=7] The snake bites! The gnome king hits! You die... Final status: Aloha tertium the Tourist... You died in The Gnomish Mines on dungeon level 7 with 2000 points, and 0 pieces of gold, after 3432 moves. You were level 6 with a maximum of 66 hit points when you died.